[Event "Leiden Chess Tournament"]
[Site "Leiden"]
[Date "2017.07.14"]
[Round "1"]
[White "Kastelein, Gerard"]
[Black "Koelmans, Jan Willem"]
[Result "0-1"]
[ECO "A00"]
[WhiteElo "1742"]
[BlackElo "1916"]
[Annotator "NA RC"]
[PlyCount "78"]
[EventDate "2017.??.??"]
[EventCountry "NED"]
[SourceTitle "playchess.com"]
[Source "ChessBase"]
[SourceQuality "1"]
[TimeControl "40/5400+30:1800+30"]

1. Nc3 c5 2. Nf3 Nc6 3. d4 cxd4 4. Nxd4 Nf6 5. Bg5 {[%emt 0:01:05] LiveBook: 43 Games} d6 6. Nxc6 (6. Bxf6 $5 gxf6 7. e3 $11) 6... bxc6 7. g3 Rb8 8. Bg2 Bd7 9. Rb1 Qa5 10. Qd2 h6 11. Be3 e6 12. O-O Be7 13. b4 (13. Nd5 $5 Qxd2 14. Nxf6+ Bxf6 15. Bxd2 $11) 13... Qc7 14. a4 O-O 15. Rfd1 (15. Ra1) ({White should try} 15. Ne4 $15) 15... d5 16. Qd4 e5 17. Qxa7 Rb7 {[%emt 0:00:11] Qa} 18. Qa6 Rxb4 (18... Rfb8 $17 19. Bc5 Bxc5 20. bxc5 Rb2) 19. Rxb4 Bxb4 20. Na2 (20. Bb6 $11 Qb8 21. Na2) 20... Ba5 21. Rb1 Bc8 22. Qa7 Qxa7 23. Bxa7 Ba6 24. e3 Ra8 25. Bb8 (25. Rb8+ $11 {remains equal.} Rxb8 26. Bxb8) 25... Bc4 26. Nc1 Bc3 27. Nd3 Nd7 28. Bd6 Rxa4 29. Bh3 e4 (29... Ra7 $11 30. Bxd7 Rxd7 31. Rb8+ Kh7 32. Bxe5 Bxd3 33. Bxc3 Bxc2) 30. Nf4 $2 (30. Bxd7 $14 {is the one way to stay ahead.} exd3 31. Bf5) 30... Ne5 31. Rb8+ Kh7 32. Bf5+ $2 (32. Rb1) 32... g6 33. Bxg6+ Nxg6 34. h4 Nxf4 {[%emt 0:01:40] Bxf} 35. Bxf4 Be2 36. g4 Bxg4 37. Kg2 Be6 38. Kg3 Rc4 39. Bd6 Bg7 $19 0-1

[Event "Leiden Chess Tournament"]
[Site "Leiden"]
[Date "2017.07.15"]
[Round "2"]
[White "Koelmans, Jan-Willem"]
[Black "Van de Griend, Johan"]
[Result "1-0"]
[ECO "D11"]
[WhiteElo "1916"]
[BlackElo "1797"]
[Annotator "NA RC"]
[PlyCount "89"]
[EventDate "2017.??.??"]
[EventCountry "NED"]
[SourceTitle "playchess.com"]
[Source "ChessBase"]
[SourceQuality "1"]
[TimeControl "40/5400+30:1800+30"]

1. d4 d5 2. c4 dxc4 3. Nf3 c6 4. e3 Be6 5. Nc3 b5 {D11: Slav Defence: 3 Nf3 sidelines and 3...Nf6 4 e3 Bg4} 6. a4 b4 7. Ne4 Bd5 8. Ng3 Nf6 9. Qc2 {LiveBook: 4 Games} Bxf3 (9... b3 $5 10. Qc3 h5 $11) 10. gxf3 e6 11. Bxc4 $146 ({Predecessor:} 11. Qxc4 Qd5 12. e4 Qxc4 13. Bxc4 {½-½ (48) Kharitonov,A (2552)-Hasangatin,R (2508) Cappelle-la-Grande 2011}) 11... Be7 12. a5 a6 13. Bd2 O-O 14. O-O Nbd7 15. Rfd1 c5 16. dxc5 Bxc5 17. Qb3 Qe7 18. Rac1 Ne5 {[#]} 19. Be2 $1 Rfd8 20. Be1 Rxd1 21. Rxd1 Rd8 22. f4 Rxd1 23. Qxd1 Nc6 24. Qa4 Nb8 (24... Qb7 $11) 25. Bf3 g6 26. Ne4 Nxe4 27. Bxe4 Kg7 28. Qc2 f5 29. Bf3 e5 30. fxe5 Qxe5 31. Qc4 Qd6 32. Bd5 Nd7 33. Bb7 Qd1 34. Kf1 Qd6 $2 (34... Ne5 $1 $11 {and Black stays safe.} 35. Qxc5 Qxe1+ 36. Kxe1 Nd3+ 37. Ke2 Nxc5) 35. Qxa6 ({Less strong is} 35. Bxa6 Ne5 $14) 35... Qxh2 36. Qe6 Qc7 37. Bd5 Nf6 38. Bc4 Ng4 39. a6 Qa7 40. Bd2 Nf6 41. b3 Ne4 42. Bc1 Nd6 43. Qg8+ Kh6 44. Qf8+ Kg5 45. e4+ 1-0

[Event "Leiden Chess Tournament"]
[Site "Leiden"]
[Date "2017.07.15"]
[Round "2"]
[White "Van t Hoff, Kees"]
[Black "Hilarius, Sander"]
[Result "1/2-1/2"]
[ECO "D18"]
[WhiteElo "1798"]
[BlackElo "1941"]
[Annotator "NA RC"]
[PlyCount "54"]
[EventDate "2017.??.??"]
[EventCountry "NED"]
[SourceTitle "playchess.com"]
[Source "ChessBase"]
[SourceQuality "1"]
[TimeControl "40/5400+30:1800+30"]

1. d4 d5 2. c4 c6 3. Nf3 Nf6 4. Nc3 dxc4 5. a4 Bf5 6. e3 e6 7. Bxc4 Bb4 8. O-O Nbd7 9. h3 O-O 10. Bd3 Bxd3 11. Qxd3 Qa5 $146 {D18: Slav Defence: 5 a4 Bf5 6 e3} ({Predecessor:} 11... Qe7 12. b3 e5 13. dxe5 Nxe5 14. Nxe5 Qxe5 15. Bb2 Bd6 16. f4 Qe6 17. Ne2 Rad8 18. Nd4 Qd5 19. Qc4 {0-1 (50) Chmel,K (2068)-Mohammad,N (2275) Prague 2015}) 12. Na2 Bd6 13. Bd2 Qc7 14. Bc3 Rad8 15. Qc2 e5 16. dxe5 Nxe5 17. Nxe5 Bxe5 18. Rad1 Nd5 19. Bxe5 Qxe5 20. Rd3 Rd6 21. Rfd1 Rg6 $14 22. Rd4 Qe6 23. Kh2 Qe5+ 24. Kh1 Qg5 25. Rg4 Qe7 26. Rgd4 Qg5 27. Rg4 Qe7 1/2-1/2

[Event "Leiden Chess Tournament"]
[Site "Leiden"]
[Date "2017.07.16"]
[Round "3"]
[White "Van Brussel, Bert"]
[Black "Koelmans, Jan-Willem"]
[Result "1/2-1/2"]
[ECO "B47"]
[WhiteElo "1828"]
[BlackElo "1916"]
[Annotator "NA RC"]
[PlyCount "93"]
[EventDate "2017.??.??"]
[EventCountry "NED"]
[SourceTitle "playchess.com"]
[Source "ChessBase"]
[SourceQuality "1"]
[TimeControl "40/5400+30:1800+30"]

1. e4 c5 2. Ne2 d6 3. g3 Nf6 4. Bg2 Nc6 5. O-O e6 6. d4 cxd4 7. Nxd4 Qc7 8. Nc3 a6 9. Kh1 Be7 10. f4 O-O 11. Be3 Bd7 {LiveBook: 31 Games} 12. Nxc6 {B80: Sicilian Scheveningen: 6 g3 and 6 Be3, including English Attack} (12. Nb3 $14 b5 13. g4 b4 14. Na4 d5 15. Nb6 Rad8 16. exd5 Nxd5 17. Nxd5 exd5 18. Qf3 Na5 19. Nxa5 Qxa5 {½-½ (31) Guseinov,G (2609)-Mchedlishvili,M (2656) Tbilisi 2012}) 12... Bxc6 13. Qe2 $146 ({Predecessor:} 13. g4 Rfe8 14. g5 Nd7 15. Rf3 b5 16. Rh3 b4 17. Qh5 Nf8 18. Ne2 Qb7 19. Ng3 g6 {½-½ (48) Rabatin,J (2281)-Oberhofer,C (2091) Pardubice 2016}) 13... b5 14. a3 Qb7 15. e5 (15. Bd4 $11) 15... Ng4 16. Rg1 Nxe3 17. Qxe3 dxe5 18. fxe5 Rac8 19. Ne4 Bd5 20. c3 Qc7 21. Rge1 ({White should play} 21. Qf4 $15) 21... Qxe5 22. Rad1 Qc7 23. Rd2 Rfd8 24. Rde2 Bc4 25. Rf2 f5 26. Qf3 fxe4 27. Qf7+ Kh8 28. Bxe4 Bd5 29. Bxd5 Rxd5 30. Qxe6 Rd7 31. Rf7 Qb7+ 32. Re4 Re8 33. Qe5 Rd1+ 34. Kg2 Rd2+ 35. Kh3 Qd7+ 36. Rg4 {[#]} Rxh2+ $1 37. Kxh2 Qxg4 $11 38. Qxe7 Qe2+ 39. Qxe2 Rxe2+ 40. Kh3 Kg8 41. Ra7 Rxb2 42. Rxa6 Rb3 43. a4 bxa4 44. Rxa4 Rxc3 45. Ra7 h6 46. Rb7 Kh7 47. Rb6 1/2-1/2

[Event "Leiden Chess Tournament"]
[Site "Leiden"]
[Date "2017.07.16"]
[Round "3"]
[White "Koes, Richard"]
[Black "Le Clercq, Maxim"]
[Result "1/2-1/2"]
[ECO "B00"]
[WhiteElo "1818"]
[BlackElo "1906"]
[Annotator "NA"]
[PlyCount "107"]
[EventDate "2017.??.??"]
[EventCountry "NED"]
[SourceTitle "playchess.com"]
[Source "ChessBase"]
[SourceQuality "1"]
[TimeControl "40/5400+30:1800+30"]

1. e4 Nc6 2. d4 d5 3. e5 f6 4. f4 {B00: Queen's Fianchetto Defence, Nimzowitsch Defence} Nh6 {LiveBook: 7 Games} (4... Bf5 5. Nf3 Qd7 6. c3 Nh6 7. Be3 e6 8. Nbd2 Be7 9. Be2 O-O 10. h3 fxe5 11. fxe5 Bg6 12. O-O Nf5 {1-0 (41) Bocharov,D (2560)-Schneider,I (2481) Berlin 2015}) 5. Nf3 Bf5 6. Bd3 e6 7. c3 Be4 8. Qe2 f5 9. Ng5 Qd7 10. Nxe4 $146 (10. O-O $14) ({Predecessor:} 10. Nd2 O-O-O 11. a4 Bxd3 12. Qxd3 Ng8 {1-0 (32) Cespedes,C (2094)-Montoya Perez,J (1928) Cartagena 2016}) 10... fxe4 11. Bb5 a6 12. Ba4 b5 ({Better is} 12... Nf5 $15) 13. Bc2 Be7 14. Qh5+ Kd8 15. a4 b4 16. a5 Na7 17. O-O (17. Ba4 $5 c6 18. g4 $11) 17... Nb5 (17... Nf5 $11) 18. Ba4 (18. g4 $1 $14) 18... Nf5 19. Qe2 c5 20. Be3 ({Better is} 20. dxc5 $11 Bxc5+ 21. Kh1) 20... Qa7 21. Kh1 cxd4 22. Bxd4 Nbxd4 23. cxd4 Qxd4 24. Rc1 (24. Nd2 $17) 24... e3 25. b3 (25. Qc2 {was necessary.} Qa7 26. g4) 25... Bc5 ({Not} 25... Qxa1 26. Qc2 $16) 26. Ra2 Ke7 27. Bc6 Ra7 28. Rac2 Qxf4 29. Rxc5 Qxe5 30. Nd2 $1 Qb2 31. R5c2 (31. R1c2 $1 $11 Nd4 32. Qxe3 Nxc2 {[#]} 33. Rxc2 $1 Qxc2 34. Qxa7+ Kf6 35. Qf2+ Ke7 36. Qa7+ Kf6 37. Qf2+ Ke7 38. Qa7+) 31... exd2 32. Qxd2 Qd4 33. Qg5+ Qf6 34. Qg4 (34. Qd2 $17 {only move.}) 34... Nd4 {[#]} 35. Rd2 $2 (35. Rf2 $3 {[%mdl 512] only move.} Qxf2 36. Qxg7+ Kd6 37. Qxa7) 35... Nxc6 36. h3 h5 37. Qe2 Ne5 38. Qe3 Rd7 39. Qc5+ Ke8 40. Qc8+ Qd8 41. Qxa6 Ke7 42. Re2 $2 (42. Re1 Rd6 43. Qe2) 42... Qa8 $2 (42... Qb8 $19 {has better winning chances.} 43. Ree1 Rf8) 43. Qb6 Qb8 44. Qe3 $17 Ng4 45. Qxe6+ Kd8 46. g3 Qd6 47. hxg4 hxg4+ 48. Kg2 Qxe6 49. Rxe6 Re8 50. Rxe8+ Kxe8 51. Rc8+ Ke7 52. Rb8 Ra7 53. Rxb4 Rxa5 54. Rxg4 1/2-1/2

[Event "Leiden Chess Tournament"]
[Site "Leiden"]
[Date "2017.07.17"]
[Round "4"]
[White "Van Deutekom, Yde"]
[Black "Hilarius, Sander"]
[Result "1-0"]
[ECO "D17"]
[WhiteElo "1858"]
[BlackElo "1941"]
[Annotator "NA RC"]
[PlyCount "71"]
[EventDate "2017.??.??"]
[EventCountry "NED"]
[SourceTitle "playchess.com"]
[Source "ChessBase"]
[SourceQuality "1"]
[TimeControl "40/5400+30:1800+30"]

1. d4 d5 2. c4 c6 3. Nf3 Nf6 4. Nc3 dxc4 5. a4 Bf5 6. Ne5 Nbd7 7. Nxc4 Qc7 8. g3 e5 9. dxe5 Nxe5 10. Bf4 Nfd7 11. Nxe5 Nxe5 12. Qb3 $146 {D17: Slav Defence: 5 a4 Bf5: Lines with 6 Nh4 and 6 Ne5} ({Predecessor:} 12. Qd4 f6 13. Bg2 Qa5 14. Bxe5 fxe5 15. Qe3 Qc5 16. Qg5 Bg6 17. Be4 Bxe4 18. Nxe4 Qb4+ 19. Nc3 Qe7 {½-½ (48) Genov,P (2498)-Ponomariov,R (2710) Bilbao 2004}) 12... Bd6 13. Bg2 O-O (13... Qe7 $5 ) 14. O-O Be6 15. Qc2 Nc4 16. Bxd6 Qxd6 17. a5 (17. Ne4 $5 Qe7 18. b3 $11) 17... a6 18. Ne4 Qe5 19. b4 Rfd8 20. Rfd1 Bd5 21. Nc5 Bxg2 (21... Qe7 $16) 22. Kxg2 Nd6 {[#]} 23. Ra3 $1 Re8 24. Re3 $18 Qf6 25. Rxe8+ Rxe8 26. Qd3 Nb5 27. Qd7 Qe5 28. Rd3 Rf8 29. Re3 Qb2 30. Nd3 Qa2 31. Qxb7 Nd4 32. Qxa6 Nxe2 33. Qxc6 h5 34. Qe4 Nc3 35. Qe5 h4 36. Qxc3 1-0

[Event "Leiden Chess Tournament"]
[Site "Leiden"]
[Date "2017.07.17"]
[Round "4"]
[White "Coiffait, Casimir"]
[Black "Van Ginkel, Henk"]
[Result "1-0"]
[ECO "B07"]
[WhiteElo "1853"]
[BlackElo "1846"]
[Annotator "NA RC"]
[PlyCount "35"]
[EventDate "2017.??.??"]
[EventCountry "NED"]
[SourceTitle "playchess.com"]
[Source "ChessBase"]
[SourceQuality "1"]
[TimeControl "40/5400+30:1800+30"]

1. e4 d6 2. d4 Nf6 3. Nc3 g6 4. f3 c6 5. Be3 b5 6. Qd2 Nbd7 7. O-O-O Qa5 8. Kb1 Bb7 9. g4 Nb6 10. Nd5 Qxd2 11. Nxf6+ exf6 12. Bxd2 O-O-O $14 13. Nh3 Nc4 14. Bxc4 bxc4 15. Ba5 Rd7 16. Rhe1 d5 17. exd5 cxd5 18. Re8+ 1-0

[Event "Leiden Chess Tournament"]
[Site "Leiden"]
[Date "2017.07.18"]
[Round "5"]
[White "Koelmans, Jan Willem"]
[Black "Van Deutekom, Yde"]
[Result "1/2-1/2"]
[ECO "A52"]
[WhiteElo "1916"]
[BlackElo "1858"]
[Annotator "NA"]
[PlyCount "41"]
[EventDate "2017.??.??"]
[EventCountry "NED"]
[SourceTitle "playchess.com"]
[Source "ChessBase"]
[SourceQuality "1"]
[TimeControl "40/5400+30:1800+30"]

1. d4 Nf6 2. c4 e5 3. dxe5 Ng4 4. Nf3 Bc5 5. e3 Nc6 6. Be2 Ngxe5 7. O-O O-O 8. Nc3 a6 9. a3 h6 10. b4 Be7 11. Nxe5 Nxe5 12. Nd5 Bf6 13. Nxf6+ Qxf6 14. Qd4 Qe7 15. Bb2 f6 16. c5 d6 17. cxd6 Qxd6 18. Qxd6 cxd6 19. Rfd1 Be6 20. Rxd6 Bc4 21. Bxe5 1/2-1/2

[Event "Leiden Chess Tournament"]
[Site "Leiden"]
[Date "2017.07.18"]
[Round "5"]
[White "Coiffait, Casimir"]
[Black "Holwijn, Melvin"]
[Result "0-1"]
[ECO "C55"]
[WhiteElo "1853"]
[BlackElo "1932"]
[Annotator "NA RC"]
[PlyCount "99"]
[EventDate "2017.??.??"]
[EventCountry "NED"]
[SourceTitle "playchess.com"]
[Source "ChessBase"]
[SourceQuality "1"]
[TimeControl "40/5400+30:1800+30"]

1. e4 e5 2. Bc4 Nf6 3. d3 Nc6 4. Nf3 Be7 5. c3 O-O 6. O-O d6 7. Bb3 Nh5 {[%emt 0:03:07] C55: Two Knights: 4 d3, 4 d4 exd4 5 e5 and Max Lange Attack} (7... Na5 8. Bc2 c5 9. h3 Nc6 10. Re1 Qc7 11. Nbd2 Be6 12. Nf1 Nd7 13. Ng5 Bxg5 14. Bxg5 d5 15. exd5 Bxd5 16. Ne3 Be6 17. Qh5 Rfe8 18. b4 Nf8 19. bxc5 Qa5 20. d4 exd4 21. cxd4 Nxd4 22. Bf4 Nxc2 23. Nxc2 Qa4 {0-1 (23) Bortnyk,O (2588)-Wang,H (2712) Abu Dhabi 2016}) 8. d4 Nf6 9. Bc2 Bg4 $146 ({Predecessor:} 9... d5 10. h3 b6 11. Re1 Bb7 12. Nbd2 Re8 13. Nf1 Bd6 14. Ng3 Ne7 15. Nxe5 Nc6 16. f4 {1-0 (30) Lagno,K (2355)-Dincok,B Antalya 2002}) 10. Be3 exd4 11. cxd4 Nb4 12. Nbd2 Nxc2 13. Qxc2 d5 14. Ne5 Be2 15. Rfe1 Ba6 16. Bg5 Re8 17. exd5 Nxd5 18. Bxe7 Rxe7 19. Ndf3 Nb4 20. Qb3 Nd5 21. Qc2 Qd6 22. Ng5 Nf6 (22... g6 $1 $11) 23. Rad1 (23. Ng4 $1 $16 g6 24. Rxe7 Qxe7 25. Nh6+ Kg7 26. Nhxf7) 23... Qd5 24. Nef3 Rae8 25. Re5 Qxa2 26. Rde1 Rxe5 27. dxe5 h6 28. exf6 Rxe1+ 29. Nxe1 hxg5 30. fxg7 Qc4 ({Reject} 30... Kxg7 $6 31. Qf5 $11) 31. Qxc4 Bxc4 32. Nf3 f6 ({And not} 32... Kxg7 33. Nxg5 a5 34. f3 $11) 33. Nd2 Bd3 34. Nb3 Bc4 35. Nd2 Bd5 36. f3 (36. b4 {was necessary.}) 36... Kxg7 37. Kf2 f5 38. Ke3 (38. b4 {might work better.}) 38... c5 39. f4 Kg6 ({Weaker is} 39... Bxg2 40. fxg5 Kg6 41. h4 $17) 40. g3 b5 41. h3 a5 42. g4 gxf4+ 43. Kxf4 fxg4 $19 44. hxg4 a4 45. Ke5 Bf7 46. Kd6 b4 47. Nb1 c4 48. Kc5 c3 49. bxc3 a3 50. Kd4 0-1

[Event "Leiden Chess Tournament"]
[Site "Leiden"]
[Date "2017.07.20"]
[Round "6"]
[White "Le Clercq, Maxim"]
[Black "Coiffait, Casimir"]
[Result "1/2-1/2"]
[ECO "A47"]
[WhiteElo "1906"]
[BlackElo "1853"]
[Annotator "NA RC"]
[PlyCount "139"]
[EventDate "2017.??.??"]
[EventCountry "NED"]
[SourceTitle "playchess.com"]
[Source "ChessBase"]
[SourceQuality "1"]
[TimeControl "40/5400+30:1800+30"]

1. d4 Nf6 2. Bf4 e6 3. Nf3 b6 4. e3 Bb7 5. Bd3 c5 6. c3 Be7 7. Nbd2 cxd4 8. exd4 O-O 9. h4 {[%emt 0:07:37] A47: 1 d4 Nf6 2 Nf3 b6: Torre, London and Colle Systems} d6 10. Qe2 Nbd7 11. O-O-O (11. Bg5 a6 12. Ne4 Bxe4 13. Bxe4 Nxe4 14. Qxe4 b5 15. O-O Nb6 16. Bxe7 Qxe7 {½-½ (56) Winants,L (2545)-Naiditsch,A (2709) Tromsoe 2014}) 11... Nd5 12. Bh2 $146 ({Predecessor:} 12. Bg5 N7f6 13. Ne4 Rc8 14. Nxf6+ Bxf6 {0-1 (73) Pacheco,D (2312)-Palu,A (2170) Mina Clavero 2016}) 12... N7f6 13. Ng5 b5 14. Kb1 b4 15. c4 Nb6 16. Bf4 Nbd7 ({Don't go for} 16... Bxg2 $2 17. Rhg1 $18) 17. Ndf3 b3 (17... Qb6 $14) 18. axb3 Qb6 19. Rh3 a5 20. Qc2 h6 21. Nh7 (21. Bd2 $11) 21... Nxh7 22. Bxh7+ Kh8 23. Ng5 Nf6 ({But not} 23... Bxg2 $6 24. Rg3 $11) ({Don't blunder} 23... hxg5 $2 24. hxg5 g6 25. Bxg6+ Kg8 26. Rh7 $18) 24. Bd3 (24. d5 $17) 24... a4 25. b4 Qxb4 26. Bf1 a3 ({Better is} 26... Kg8 27. Bd2 Qb6) 27. Rb3 a2+ 28. Ka1 Qa4 29. Qd3 Bc6 ({Black should play} 29... hxg5 $19 30. hxg5 Be4) 30. Be2 Qa7 (30... hxg5 31. hxg5 Be4 32. Rh1+ Kg8 33. Qh3 $18) (30... Kg8 $5 31. Nf3 Ne4 $17) 31. Rh1 Qd7 ({Better is} 31... Bxg2 $17 32. Rg1 Bc6) 32. Bd1 Ba4 (32... Bxg2 $2 33. Rg1 $19) 33. Ra3 Bxd1 34. Rxa8 Rxa8 35. Qxd1 Kg8 ({Don't blunder} 35... hxg5 $2 36. hxg5+ Kg8 37. gxf6 $18) 36. Qd3 {[%emt 0:00:24] [#]} e5 $1 37. Be3 hxg5 $2 (37... Qb7 $19 38. d5 Rb8) 38. hxg5 e4 39. Qe2 $2 (39. Qc2 $14 {was forced to keep a grip.}) 39... g6 $2 ({Better is} 39... Ng4 $19 40. Bd2 Qe6) 40. gxf6 Bxf6 41. g3 Qa7 42. Qd2 Qa4 43. Bg5 Bg7 44. Bh6 Bh8 (44... Bf6 $11) 45. Bf8 Kxf8 46. Rxh8+ Ke7 47. Qg5+ Kd7 48. Rxa8 Qxa8 49. Qf6 Qa4 50. Qxf7+ Kd8 51. Qg8+ Kd7 52. Qf7+ Kd8 53. Qg8+ Kd7 54. Qh7+ Kd8 55. Qh4+ Kd7 56. Qg4+ Kc7 57. Qe2 Qb3 58. Qd2 ({But not} 58. Qxe4 $6 Qd1+ 59. Kxa2 Qa4+ 60. Kb1 Qd1+ 61. Ka2 Qa4+ 62. Kb1 Qd1+ 63. Ka2 $11) 58... Qxc4 $2 (58... Kd7 $14) 59. Qc3 d5 60. Qxc4+ dxc4 61. Kxa2 Kc6 {[%emt 0:00:08] [#]} 62. Kb1 $2 ({Only move:} 62. b4 $1 $18 cxb3+ 63. Kxb3) 62... Kd5 63. Kc2 Kxd4 64. Kd2 g5 65. g4 Kd5 66. Ke2 $11 Ke6 67. Kd2 Kd6 68. Ke2 Ke6 69. Kd2 Kd5 70. Ke2 1/2-1/2

[Event "Leiden Chess Tournament"]
[Site "Leiden"]
[Date "2017.07.20"]
[Round "6"]
[White "Oostvogels, Niek"]
[Black "Boeters, Stefan"]
[Result "0-1"]
[ECO "C24"]
[WhiteElo "1905"]
[BlackElo "1798"]
[Annotator "NA RC"]
[PlyCount "114"]
[EventDate "2017.??.??"]
[EventCountry "NED"]
[SourceTitle "playchess.com"]
[Source "ChessBase"]
[SourceQuality "1"]
[TimeControl "40/5400+30:1800+30"]

1. e4 d6 2. Bc4 Nf6 3. d3 e5 4. Nf3 Be7 5. O-O O-O 6. c3 Nbd7 {[%emt 0:01:26] LiveBook: 5 Games C24: Bishop's Opening: 2...Nf6} (6... c6 7. Re1 Nbd7 8. Bb3 Nc5 9. Bc2 Bg4 10. Nbd2 Nfd7 11. h3 Bh5 12. Nf1 Ne6 13. Ng3 Bxf3 14. Qxf3 g6 15. Bh6 Re8 16. Rad1 Bg5 17. Bxg5 Qxg5 18. d4 {½-½ (55) Ghaem Maghami,E (2570)-Bu,X (2670) Moscow 2012}) 7. Nbd2 c6 8. d4 exd4 $146 ({Predecessor:} 8... Qc7 9. dxe5 dxe5 10. a4 Nc5 11. Qe2 Nh5 12. Nb3 Ne6 13. Be3 Nef4 14. Qc2 Bg4 15. Ne1 Be6 16. Bxe6 Nxe6 {½-½ (16) Ganger,R (1991)-Richardt,M (2022) England 2015}) 9. cxd4 Nxe4 10. Nxe4 d5 11. Bd3 dxe4 12. Bxe4 Nf6 13. Bc2 Bg4 14. Be3 Qd5 15. Bb3 Bxf3 16. Qxf3 Qxf3 17. gxf3 Rad8 18. Rad1 Nd5 19. Rfe1 Rfe8 20. Re2 Bf6 21. Kf1 Kf8 22. Rde1 h6 23. Kg2 Rd7 24. Kf1 Bd8 25. Bd2 Rxe2 26. Rxe2 Bc7 27. h3 Nf4 28. Bxf4 Bxf4 29. d5 cxd5 30. a4 d4 31. Ke1 (31. Rc2 $17) 31... d3 32. Re4 Bc1 ({Black should play} 32... g5 $19 33. Bc4 a6) 33. Bc4 d2+ 34. Kd1 Bxb2 35. Bb5 Rd8 36. Re3 Bf6 37. Rd3 {[%emt 0:00:53] [#]} Rxd3 $1 38. Bxd3 Bc3 39. Kc2 Ke7 40. Be2 Ba5 41. Kb3 Kd6 42. Kc4 Kc6 43. Bd1 a6 44. Bc2 b5+ 45. Kd3 Kc5 46. Bd1 bxa4 47. Bxa4 Kb4 48. Bd1 Ka3 49. Kc2 Bb4 50. Be2 a5 51. Bb5 $19 a4 52. Bc4 d1=Q+ 53. Kxd1 Kb2 54. Bxf7 a3 55. f4 a2 56. Bxa2 Kxa2 57. f5 Be7 0-1

[Event "Leiden Chess Tournament"]
[Site "Leiden"]
[Date "2017.07.21"]
[Round "7"]
[White "Holwijn, Melvin"]
[Black "Van der Knaap, Jan"]
[Result "0-1"]
[ECO "A41"]
[WhiteElo "1932"]
[BlackElo "1866"]
[Annotator "NA"]
[PlyCount "46"]
[EventDate "2017.??.??"]
[EventCountry "NED"]
[SourceTitle "playchess.com"]
[Source "ChessBase"]
[SourceQuality "1"]
[TimeControl "40/5400+30:1800+30"]

1. d4 d6 2. Nf3 g6 3. c4 Bg7 4. Nc3 Bg4 5. e3 c5 6. Be2 cxd4 7. exd4 {A41: 1 d4 d6: Tartakower System and Modern Defence} Nh6 (7... Nc6 8. d5 Bxf3 9. Bxf3 Ne5 10. Be2 Rc8 11. Qb3 Qc7 12. O-O a6 13. Be3 h5 14. Bb6 Qb8 15. h3 Nh6 {1-0 (37) Korobov,A (2692)-Onischuk,V (2601) Doha 2016}) 8. h3 Bxf3 9. Bxf3 Nc6 10. g4 O-O 11. h4 $146 ({Predecessor:} 11. Be3 e5 12. dxe5 Nxe5 13. Bd5 Kh8 14. Qd2 Ng8 15. f4 Nc6 {1-0 (32) Svane,R (2367)-Danielsen,H (2511) Helsingor 2012}) 11... e5 12. Bxc6 bxc6 13. dxe5 Re8 14. Qe2 Bxe5 15. Be3 Qa5 16. O-O Qd8 17. g5 Nf5 18. Qg4 d5 19. Bf4 Qc7 20. Bxe5 Rxe5 21. cxd5 cxd5 22. Rae1 $1 Qd6 23. Qf4 $19 (23. Rxe5 $15 Qxe5 24. Qf3) 23... Rxe1 0-1

[Event "Leiden Chess Tournament"]
[Site "Leiden"]
[Date "2017.07.21"]
[Round "7"]
[White "Boeters, Stefan"]
[Black "Geboers, Jimmy"]
[Result "0-1"]
[ECO "A36"]
[WhiteElo "1798"]
[BlackElo "1852"]
[Annotator "NA"]
[PlyCount "104"]
[EventDate "2017.??.??"]
[EventCountry "NED"]
[SourceTitle "playchess.com"]
[Source "ChessBase"]
[SourceQuality "1"]
[TimeControl "40/5400+30:1800+30"]

1. c4 c5 2. g3 Nc6 3. Bg2 g6 4. Nc3 Bg7 5. e3 d6 6. Nge2 e5 7. O-O {A36: Symmetrical English vs ...g6: 4 Bg2 Bg7} f5 (7... Nge7 8. d3 O-O 9. b3 Be6 10. Nd5 e4 11. Rb1 exd3 12. Qxd3 Nxd5 13. cxd5 Ne5 14. Qc2 Bd7 15. h3 Bb5 16. Rd1 Bxe2 17. Qxe2 {0-1 (48) Markowski,T (2576)-Heberla,B (2573) Gorzow Wielkopolski 2014}) 8. f4 Nge7 9. a3 $146 ({Predecessor:} 9. Nd5 O-O 10. Nec3 a6 11. a3 Be6 12. Rb1 Rb8 13. b4 b5 14. cxb5 axb5 15. Nxe7+ Nxe7 16. bxc5 dxc5 {0-1 (30) Dzyuba,A-Sadovnikov,I Russia 2004}) 9... Be6 10. d3 O-O 11. Rb1 a5 12. b3 d5 13. fxe5 Bxe5 14. d4 cxd4 15. exd4 Bg7 16. c5 b6 17. b4 axb4 18. axb4 bxc5 19. bxc5 f4 20. Rxf4 Rxf4 21. Bxf4 Nf5 22. Nb5 Qf6 (22... Qd7 $16 {was necessary.} 23. Ra1 Rxa1 24. Qxa1 h6) 23. Nc7 Rd8 {[#]} 24. Bg5 $4 (24. Rb6 $1 $18 {[%cal Rb6c6] was the only winning move.} Ncxd4 25. Kh1 Nxe2 26. Nxe6 (26. Rxe6 Nc3 $18) 26... Nxf4 27. Nxd8 (27. Nxf4 Qc3 $16) 27... Qxd8 28. gxf4) 24... Qxg5 25. Nxe6 Qe3+ 26. Kh1 Qxe6 27. Nf4 Qf7 28. Qb3 Nce7 ({Weaker is} 28... Bxd4 29. Bxd5 Rxd5 30. Qxd5 $15) 29. Qb6 Rc8 (29... Re8 $19 30. Ne6 Kh8 31. Nxg7 Qxg7) 30. Qb7 Qe8 ({Of course not} 30... Bxd4 $6 31. Bxd5 Nxd5 32. Qxc8+ Kg7 33. Ne6+ Kh6 34. Nxd4 $11) ({But not} 30... Nxd4 $6 {[#]} 31. Qxc8+ $1 Nxc8 32. Bxd5 $11) (30... Re8 $17 31. c6 Bxd4) 31. Nxd5 Nxd5 32. Bxd5+ Kh8 33. c6 Bxd4 34. c7 Kg7 35. Bc6 Qe6 36. Bd5 $2 {[#]} (36. Bg2 $19) 36... Qd7 $2 (36... Nxg3+ $1 {[%mdl 512] mates} 37. Kg2 (37. hxg3 Qh3#) 37... Qe2+ 38. Kh3 {[#]} Nf1 $1 39. Qb2 Qh5+ 40. Kg2 Qxd5+ 41. Kxf1 Qf3+ 42. Ke1 Re8+ 43. Kd2 Re2+ 44. Kd1 Qf1#) 37. Rc1 $2 {[#]} (37. Bc6 Qd6 38. Be4 Rxc7 39. Qxc7+ Qxc7 40. Rb7 Qxb7 41. Bxb7) 37... Nd6 $2 (37... Nxg3+ $1 38. Kg2 (38. hxg3 Qh3#) 38... Ne2) 38. Qb4 Bf6 39. Rc6 Ne8 40. Bf3 Rxc7 41. Rb6 $2 (41. Rxc7 $19 Nxc7 42. Kg2) 41... Rc1+ 42. Kg2 Rc2+ 43. Kh1 Qd2 $2 (43... Qh3 {mates} 44. Rb7+ Kh6 45. Qf4+ g5 46. Rxh7+ Kxh7 47. Qe4+ Kg7 48. Qg6+ Kxg6 49. Be4+ Kh6 50. Kg1 Rxh2 51. Bf3 Bd4#) 44. Qxd2 Rxd2 45. h4 Bd4 46. Rb7+ $19 Kf8 47. h5 Nf6 48. hxg6 hxg6 49. g4 Rb2 50. Rc7 Rf2 51. Rc4 Rxf3 52. Rxd4 Rg3 0-1

[Event "Leiden Chess Tournament"]
[Site "Leiden"]
[Date "2017.07.22"]
[Round "8"]
[White "Ypma, Peter"]
[Black "Kuipers, Stefan"]
[Result "1/2-1/2"]
[ECO "A01"]
[WhiteElo "2283"]
[BlackElo "2388"]
[Annotator "NA"]
[PlyCount "34"]
[EventDate "2017.??.??"]
[EventCountry "NED"]
[SourceTitle "playchess.com"]
[Source "ChessBase"]
[SourceQuality "1"]
[TimeControl "40/5400+30:1800+30"]

1. b3 e5 2. Bb2 Nc6 3. e3 Nf6 4. Bb5 Bd6 5. Ne2 {LiveBook: 112 Games} O-O {A01: Nimzowitsch-Larsen Opening} (5... a6 6. Bxc6 dxc6 7. d3 Qe7 8. Nd2 Be6 9. a4 O-O-O 10. a5 h5 11. Ra4 h4 12. h3 Nd7 13. Qa1 {0-1 (58) Rapport,R (2694)-Riazantsev,A (2654) Geneve 2017}) 6. O-O e4 7. Ng3 Be5 8. Bxe5 $146 ({Predecessor:} 8. Qc1 Re8 9. d4 exd3 10. cxd3 Ng4 11. Bxe5 Ncxe5 12. d4 Ng6 13. Nd2 {½-½ (30) Sundararajan,K (2424)-Wichmann,C (2361) Dresden 2014}) 8... Nxe5 9. d4 exd3 10. cxd3 d5 11. d4 Ng6 12. Be2 Re8 13. Nd2 Qd6 14. Rc1 c6 15. Qc2 Bg4 16. Qc5 Qd7 $11 17. b4 Bxe2 1/2-1/2